 Dungeon Crawl Stone Soup version 0.22.1-2-g9c5b331383 (webtiles) character file.

167 H0rd4k the Charlatan (level 5, 0/38 HPs)
             Began as a Human Artificer on Nov 28, 2018.
             Slain by an orc wizard
             ... wielding a +0 dagger of freezing
              (3 damage)
             ... on level 4 of the Dungeon.
             The game lasted 00:07:48 (3245 turns).

H0rd4k the Charlatan (Human Artificer)              Turns: 3245, Time: 00:07:49

Health: 0/38       AC:  3    Str: 12    XL:     5   Next: 76%
Magic:  7/7        EV: 12    Int: 13    God:
Gold:   267        SH:  0    Dex: 13    Spells: 4/4 levels left

rFire    + . .     SeeInvis .   a - +0 short sword
rCold    x . .     Gourm    .   (no shield)
rNeg     . . .     Faith    .   b - +0 leather armour
rPois    .         Spirit   .   (no helmet)
rElec    .         Reflect  .   (no cloak)
rCorr    .         Harm     .   (no gloves)
MR       .....                  (no boots)
Stlth    +.........             (no amulet)
HPRegen  0.12/turn              r - +2 ring of slaying
MPRegen  0.10/turn              j - ring of fire

@: confused, drained
A: no striking features
a: no special abilities


You were on level 4 of the Dungeon.
You were not hungry.

You visited 1 branch of the dungeon, and saw 5 of its levels.

You collected 267 gold pieces.

Inventory:

Hand Weapons
 a - a +0 short sword (weapon)
Missiles
 i - 46 bolts
 o - 21 arrows
Armour
 b - a +0 leather armour (worn)
Jewellery
 g - an uncursed ring of wizardry
 j - a ring of fire (right hand)
 n - an uncursed ring of protection from fire
 r - a +2 ring of slaying (left hand)
 w - an uncursed ring of protection from fire
 z - a +6 ring of protection {unknown}
Wands
 c - a wand of flame (7)
 d - a wand of enslavement (15)
 e - a wand of random effects (11)
Scrolls
 l - a scroll of immolation {unknown}
 m - 3 scrolls of remove curse {unknown}
 q - a scroll of enchant armour {unknown}
 t - 3 scrolls of identify {unknown}
 u - 2 scrolls of teleportation {unknown}
 y - a scroll of fear {unknown}
Potions
 h - a potion of brilliance {unknown}
 k - a potion of agility {unknown}
 p - 2 potions of lignification {unknown}
 s - 2 potions of invisibility {unknown}
 v - a potion of mutation {unknown}
 x - a potion of degeneration {unknown}
Comestibles
 f - 7 rations


   Skills:
 + Level 1.7(1.5) Fighting
 + Level 2.6(2.3) Short Blades
 + Level 2.2(1.9) Armour
 + Level 2.7(2.4) Dodging
 + Level 1.3(1.0) Stealth
 + Level 3.8(3.5) Evocations


You had 4 spell levels left.
You didn't know any spells.
Your spell library was empty.

Dungeon Overview and Level Annotations

Branches:
Dungeon (5/15)             Temple (0/1) D:4

Altars:
Ashenzari
Uskayaw

Annotations:
D:3 exclusions: downstairs and orc, Sigmund


Message History

* * * LOW HITPOINT WARNING * * *
The orc barely misses you. Something hits you.
* * * LOW HITPOINT WARNING * * *
Something freezes you.
* * * LOW HITPOINT WARNING * * *
You hear some strange, mumbled words.
You are confused.
Evoke which item? (* to show all) (? for menu, Esc to quit)
You're too confused!
Something hits you but does no damage.
The orc wizard gestures wildly while chanting.
The orc wizard blinks!
An orc opens the door.
Evoke which item? (* to show all) (? for menu, Esc to quit)
You're too confused!
You completely miss something. Something hits you but does no damage.
You're too confused to move!
Something hits you.
* * * LOW HITPOINT WARNING * * *
Something freezes you.
You die...

#......#
#......#...#..
#......#
#.######...#..
#......#
######.#....>......
#.######
#........######.#.#
#.#
#..................
..#
#........######.#.#
.####. ####+###.#
#.### ......
#.....#.# #..
.....# #@#+#.#.#
### .###.#
#.o.#>#.'.# ...#%#
#.#.###.### ##.#.#
...#.....# ...#.#
##. ###'### .###.#
.. #.# .# #.# #.
#.# .# #.# #. ..#
.###.# ...


You could see an orc.

Vanquished Creatures
  A bullfrog skeleton (D:3)
  A howler monkey zombie (D:5)
  4 adders
  2 oozes (D:2)
  A dart slug (D:2)
  2 leopard geckos
  5 orcs
  4 giant cockroaches
  2 hobgoblins (D:3)
  11 jackals
  4 quokkas
  A ball python (D:2)
  4 bats
  4 frilled lizards
  10 goblins
  A jackal skeleton (D:4)
  6 kobolds
  A quokka skeleton (D:4)
  3 rats
67 creatures vanquished.

Notes
Turn   | Place    | Note
-------+----------+-------------------------------------------
     0 | D:1      | H0rd4k the Human Artificer began the quest for the Orb.
     0 | D:1      | Reached XP level 1. HP: 15/15 MP: 3/3
   178 | D:1      | Reached XP level 2. HP: 21/21 MP: 4/4
   876 | D:2      | Found a shattered altar of Ashenzari.
   879 | D:2      | Reached XP level 3. HP: 26/26 MP: 5/5
  1297 | D:2      | You fall through a shaft!
  1355 | D:3      | Reached XP level 4. HP: 22/32 MP: 6/6
  1511 | D:2      | Reached skill level 1 in Armour
  2154 | D:3      | Reached XP level 5. HP: 10/37 MP: 7/7
  2437 | D:3      | Noticed Sigmund
  2745 | D:4      | Noticed a phantom
  2935 | D:5      | Entered Level 5 of the Dungeon
  2995 | D:5      | Found a hide-covered altar of Uskayaw.
  3137 | D:5      | Noticed a water moccasin
  3212 | D:4      | Found a staircase to the Ecumenical Temple.
  3245 | D:4      | Slain by an orc wizard

Skill      XL: |  1  2  3  4  5 |
---------------+----------------+-----
Armour         | 1 2 |  2.2
Short Blades   | 2 |  2.6
Fighting       | |  1.7
Dodging        | |  2.7
Stealth        | |  1.3
Evocations     | |  3.8

Action                   |  1- 3 |  4- 6 || total
-------------------------+-------+-------++-------
Melee: Short sword       |   135 |   197 ||   332
Evoke: Wand              |     2 |    10 ||    12
 Stab: Sleeping          |     2 |       ||     2
  Eat: Chunk             |     1 |     7 ||     8
Armor: Leather armour    |    32 |    47 ||    79
Dodge: Dodged            |    91 |   144 ||   235
